 Dungeon Crawl Stone Soup version 0.31-a0-325-g067879e3d3 (webtiles) character file.

Game seed: 7271011103208137417

742 cforsyth the Ruffian (level 7, -1/55 HPs)
             Began as a Vampire Shapeshifter on July 18, 2023.
             Slain by a gnoll
             ... wielding a +0 spear
             ... led by a gnoll bouda
              (6 damage)
             ... on level 5 of the Dungeon.
             The game lasted 00:04:57 (3985 turns).

cforsyth the Ruffian (Vampire Shapeshifter)         Turns: 3985, Time: 00:04:58

Health: -1/55      AC:  2    Str: 16    XL:     7   Next: 47%
Magic:  7/7        EV: 12    Int: 11    God:
Gold:   219        SH:  0    Dex: 14    Spells: 6/6 levels left

rFire   . .          .
                       - Unarmed
rCold   . . .        (no shield)
rNeg    . . .        a - +0 animal skin
rPois   .            (helmet currently unavailable)
rElec   .            (cloak currently unavailable)
rCorr   .            (gloves currently unavailable)
SInv    +            (boots currently unavailable)
Will    .....        (no amulet)
Stlth   +            (no ring)
HPRegen 0.49/turn    (no ring)
MPRegen 0.10/turn

%: no passive effects
@: beast-form, weakened, healing quickly
A: beast (slay +3), alive, fangs 3, see invisible, vampiric 2
a: Exsanguinate, Begin Untransformation


You were on level 5 of the Dungeon.
You were a hulking beast.
You visited 1 branch of the dungeon, and saw 5 of its levels.

You collected 219 gold pieces.

Inventory:

Armour
 a - a +0 animal skin (worn)
 e - a +0 pair of boots
 g - a +1 hat
Jewellery
 w - an amulet of reflection
Talismans
 c - a beast talisman
 z - a talisman of death
Wands
 k - a wand of mindburst (13)
 p - a wand of charming (15)
 t - a wand of digging (7)
 v - a wand of flame (32)
Scrolls
 d - a scroll of poison {unknown}
 h - 2 scrolls of fear {unknown}
 m - a scroll of brand weapon {unknown}
 n - 2 scrolls of enchant armour {unknown}
 o - a scroll of acquirement {unknown}
 s - a scroll of blinking {unknown}
 u - a scroll of amnesia {unknown}
 x - a scroll of noise {unknown}
 y - 3 scrolls of identify {unknown}
 B - a scroll of revelation {unknown}
Potions
 b - a potion of lignification
 f - 5 potions of curing {unknown}
 i - a potion of cancellation {unknown}
 j - a potion of haste {unknown}
 l - 2 potions of attraction {unknown}
 q - a potion of heal wounds {unknown}
 r - 2 potions of might {unknown}
 A - a potion of magic {unknown}
 C - a potion of berserk rage {unknown}


   Skills:
 + Level 4.7 Fighting
 - Level 2.1 Dodging
 + Level 5.6 Unarmed Combat
 + Level 5.4 Shapeshifting


You had 6 spell levels left.
You didn't know any spells.
Your spell library contained the following spells:

 Spells                   Type           Power      Damage    Failure   Level
 Sting                    Tmut/Pois      0%         1d3       34%         1
 Summon Small Mammal      Summ           0%         N/A       34%         1
 Poisonous Vapours        Pois/Air       0%         N/A       47%         2
 Call Canine Familiar     Summ           0%         N/A       71%         3
 Inner Flame              Hex/Fire       0%         N/A       71%         3
 Summon Guardian Golem    Hex/Summ       0%         N/A       71%         3
 Olgreb's Toxic Radiance  Pois           0%         N/A       98%         4
 Yara's Violent Unravell  Hex/Tmut       0%         3d3       100%        5
 Enfeeble                 Hex            0%         N/A       100%        7


Dungeon Overview and Level Annotations

Branches:
Dungeon (5/15)
 Temple: D:4-7

Altars:
Fedhas
Uskayaw

Shops:
D:4 [


Innate Abilities, Weirdness & Mutations

You are a hulking beast.
Your limbs bulge with bestial killing power. (Slay +3)
Your natural rate of healing is accelerated.
You have razor-sharp teeth.
You have supernaturally acute eyesight. (SInv)
You are afflicted with vampirism and can become a bat while bloodless.


Message History

You are too injured to fight recklessly!
You are too injured to fight recklessly!
You are too injured to fight recklessly!
You are too injured to fight recklessly!
You are too injured to fight recklessly!
You are too injured to fight recklessly!
Unknown command.
Unknown command.
Unknown command.
Unknown command.
The gnoll barely misses you. The gnoll barely misses you.
The gnoll bouda gazes fiercely through you!
You feel your attacks grow feeble.
Your attacks no longer feel as feeble.
The gnoll hits you from afar with a +0 spear.
The gnoll is no longer moving quickly.
The gnoll bouda gazes fiercely through you!
You feel your attacks grow feeble.
The gnoll bouda barks out a call to the hunt!
The gnoll picks up the pace!
Your attacks no longer feel as feeble.
The gnoll is no longer moving quickly.
The gnoll barely misses you.
The gnoll bouda barks out a call to the hunt!
The gnoll picks up the pace!
The gnoll hits you from afar with a +0 spear!
The gnoll hits you from afar with a +2 spear of flaming.
The gnoll burns you.
The gnoll hits you from afar with a +2 spear of flaming!
* * * LOW HITPOINT WARNING * * *
The gnoll burns you.
* * * LOW HITPOINT WARNING * * *
The gnoll hits you from afar with a +0 spear.
* * * LOW HITPOINT WARNING * * *
The gnoll bouda gazes fiercely through you!
You feel your attacks grow feeble.
There is a stone staircase leading up here.
The gnoll hits you from afar with a +0 spear.
You die...

.# #.....#.#
.#########.#...#.# ####
.#.........#g....# #..
...####.####..#### #.#
#.....#.)##...########.# .
#..))...............####
.....#####....gg..........#
.### #####..........<.#
+..h.........#
#......###+### ........#.#
..##.##.##... ... #.....##
#### #####.# .#


You could see a gnoll bouda and 2 gnolls.

Vanquished Creatures
  A water moccasin (D:5)
  A phantom (D:4)
  A scorpion (D:4)
  3 hounds (D:4)
  A jelly (D:5)
  3 orc priests
  A sleepcap (D:5)
  8 adders
  5 gnolls
  3 ufetubi
  2 worms (D:3)
  2 dart slugs
  17 orcs
  9 ball pythons
  6 endoplasms
  6 giant cockroaches
  12 goblins
  10 hobgoblins
  5 kobolds
  2 quokkas
  5 bats
  6 frilled lizards
  7 rats
116 creatures vanquished.

Notes
Turn   | Place    | Note
-------+----------+-------------------------------------------
     0 | D:1      | cforsyth the Vampire Shapeshifter began the quest for the
                  | Orb.
     0 | D:1      | Reached XP level 1. HP: 16/16 MP: 1/1
   115 | D:1      | Reached XP level 2. HP: 22/22 MP: 2/2
   875 | D:1      | Gained mutation: You are afflicted with vampirism and can
                  | become a bat while bloodless. [Vampire growth]
   875 | D:1      | Reached XP level 3. HP: 28/28 MP: 3/3
  1204 | D:2      | Reached XP level 4. HP: 20/34 MP: 4/4
  1290 | D:2      | Found a faded altar of an unknown god.
  2170 | D:3      | Reached XP level 5. HP: 32/41 MP: 5/5
  2609 | D:3      | Found a blossoming altar of Fedhas.
  3082 | D:4      | Reached XP level 6. HP: 22/48 MP: 6/6
  3253 | D:4      | Found a hide-covered altar of Uskayaw.
  3365 | D:4      | Found Hyeboz's Antique Armour Shoppe.
  3568 | D:4      | Reached skill level 5 in Unarmed Combat
  3568 | D:4      | Reached skill level 5 in Shapeshifting
  3573 | D:4      | Reached XP level 7. HP: 54/54 MP: 7/7
  3674 | D:5      | Entered Level 5 of the Dungeon
  3985 | D:5      | Slain by a gnoll

Illustrated notes

Levels and vault maps discovered:
D:1:      onia_arrival_mini_maze, layout_basic, minmay_misc_feat_rugged
D:2:      layout_basic, hellmonk_ecumenical_altar_leap_of_faith,
          serial_bayou_lagoon_a
D:3:      cheibrodos_pilgrimage, layout_basic,
          mainiacjoe_overflow_six_doors_small, minmay_circle_x
D:4:      layout_rooms, mainiacjoe_overflow_paths, serial_shops,
          nicolae_shop_scrapyard, palyth_stone_intersect, cheibrodos_gnoll_hut
D:5:      layout_basic, general_overflow_altar,
          mainiacjoe_overflow_surrounded_room

Skill      XL: |  1  2  3  4  5  6 |
---------------+-------------------+-----
Fighting       | 2 3 4 |  4.7
Unarmed Combat | 3 4 5 |  5.6
Shapeshifting  | 4 5 |  5.4
Dodging        | |  2.1

Action                     |  1- 3 |  4- 6 |  7- 9 || total
---------------------------+-------+-------+-------++-------
  Melee: Unarmed           |    85 |   218 |    31 ||   334
         Bite              |     8 |    15 |     5 ||    28
         Punch             |     4 |     6 |     2 ||    12
   Stab: Sleeping          |     2 |     3 |       ||     5
 Armour: Animal skin       |    19 |    21 |     1 ||    41
  Dodge: Dodged            |    44 |   144 |    22 ||   210

Table legend: (Time is in decaauts)
 A = Elapsed time spent in this place.
 B = Non-inter-level travel time spent in this place.
 C = Inter-level travel time spent in this place.
 D = Time resting spent in this place.
 E = Time spent auto-exploring this place.
 F = Levels seen in this place.
 G = Mean time per level.
                   A        B        C        D        E       F      G
               +--------+--------+--------+--------+--------+-----+--------+
         Total |   3975 |   3874 |    101 |    258 |   2851 |   5 |  795.0 |
       Dungeon |   3975 |   3874 |    101 |    258 |   2851 |   5 |  795.0 |
               +--------+--------+--------+--------+--------+-----+--------+

Top non-repeatable levels by time:
     D:3: 1159 daAuts
     D:1: 964 daAuts
     D:2: 920 daAuts
     D:4: 622 daAuts
     D:5: 307 daAuts
